Map: Romanticide LE

Players

ViBE - Winner!

  • Race: Protoss Protoss
  • League: Bronze
  • Spawn Location: 11:00

MrBM

  • Race: Terran Terran
  • League: Silver
  • Spawn Location: 5:00

VOD

https://www.youtube.com/watch?v=VjhJ7E-kFgw&list=PLFeZeom2b4DnD3FIu7pzkXl51JX_WWz2h&index=2

Description

Time

  • Played on: March 9, 2021, 9:36 p.m.
  • Length: 18:14
Show
View Real Time Build Order
Export as new Build Order

ViBE Protoss - Winner!

Build Orders: 1 Gate Expand 

Get SALT Encoding   

  12  0:00  Probe  
  13  0:12  Probe  
  14  0:24  Pylon  
  14  0:27  Probe  
  15  0:42  Probe  
  16  0:44  Gateway  
  16  0:54  Probe  
  16  0:55  Assimilator  
  17  1:06  Probe (Chrono Boost)  
  18  1:17  Probe (Chrono Boost)  
  19  1:22  Probe (Chrono Boost)  
  20  1:29  Nexus  
  20  1:33  Probe  
  20  1:37  Cybernetics Core  
  21  1:45  Assimilator  
  21  1:49  Pylon  
  21  1:51  Probe  
  22  2:03  Probe (Chrono Boost)  
  23  2:14  Stalker  
  23  2:15  Warp Gate, Probe (Chrono Boost)  
  26  2:21  Pylon  
  26  2:23  Probe (Chrono Boost)  
  26  2:29  Probe  
  28  2:42  Probe (Chrono Boost)  
  29  2:45  Probe (Chrono Boost)  
  29  2:51  Stalker  
  32  2:53  Probe (Chrono Boost)  
  32  2:55  Probe (Chrono Boost)  
  32  2:56  Robotics Facility  
  34  2:58  Gateway  
  34  3:01  Probe  
  34  3:02  Probe  
  36  3:14  Probe (Chrono Boost)  
  36  3:18  Probe (Chrono Boost)  
  38  3:23  Pylon  
  38  3:24  Probe (Chrono Boost)  
  40  3:28  Probe (Chrono Boost)  
  40  3:33  Pylon  
  40  3:40  Stalker  
  42  3:42  Probe x2  
  44  3:52  Nexus  
  44  3:54  Probe  
  44  3:55  Probe  
  46  3:58  Observer  
  47  4:09  Stalker  
  49  4:12  Probe x2  
  49  4:14  Assimilator x2  
  51  4:19  Stalker  
  51  4:23  Immortal  
  51  4:24  Probe x2  
  59  4:31  Pylon  
  59  4:34  Pylon  
  59  4:36  Probe x2  
  61  4:48  Probe (Chrono Boost)  
  61  4:49  Probe (Chrono Boost)  
  63  4:57  Stalker x2  
  69  5:00  Probe x2 (Chrono Boost)  
  69  5:02  Immortal  
  69  5:06  Pylon, Probe x2 (Chrono Boost)  
  75  5:08  Probe (Chrono Boost)  
  75  5:09  Pylon  
  76  5:16  Probe (Chrono Boost)  
  76  5:19  Probe x2 (Chrono Boost)  
  79  5:21  Stalker, Probe (Chrono Boost)  
  79  5:22  Stalker  
  79  5:24  Probe (Chrono Boost)  
  79  5:26  Probe  
  86  5:28  Probe  
  86  5:35  Probe  
  88  5:39  Probe  
  88  5:41  Immortal  
  93  5:43  Probe  
  93  5:47  Probe  
  95  5:55  Nexus  
  95  5:57  Pylon  
  95  6:00  Probe  
  95  6:01  Probe x2  
  95  6:02  Stalker x2  
  102  6:11  Assimilator  
  102  6:12  Probe  
  102  6:13  Probe x2  
  102  6:15  Assimilator  
  105  6:23  Immortal  
  105  6:25  Probe x3  
  112  6:27  Stalker x2  
  116  6:35  Gateway  
  116  6:38  Gateway  
  116  6:40  Gateway  
  116  6:42  Gateway, Probe x3  
  116  6:46  Gateway  
  119  6:47  Gateway  
  119  6:49  Gateway  
  119  6:51  Gateway  
  119  6:54  Probe x2  
  119  6:55  Probe  
  122  7:09  Stalker x2  
  122  7:10  Probe x3  
  122  7:11  Probe  
  122  7:15  Pylon  
  130  7:20  Pylon  
  130  7:22  Probe x2  
  132  7:23  Pylon  
  132  7:25  Pylon  
  132  7:28  Pylon  
  132  7:34  Nexus  
  126  7:37  Pylon  
  126  7:39  Probe x4  
  126  7:41  Pylon  
  126  7:43  Stalker x4  
  126  7:44  Stalker x2  
  134  7:51  Probe x4  
  134  7:52  Forge  
  134  7:54  Twilight Council  
  138  8:01  Stalker x2  
  138  8:02  Stalker  
  138  8:03  Probe (Chrono Boost)  
  138  8:04  Probe x2 (Chrono Boost)  
  146  8:05  Probe (Chrono Boost)  
  140  8:15  Probe (Chrono Boost)  
  140  8:16  Probe (Chrono Boost)  
  140  8:17  Probe x2 (Chrono Boost)  
  140  8:22  Probe (Chrono Boost)  
  140  8:23  Probe x2 (Chrono Boost)  
  140  8:24  Probe (Chrono Boost)  
  144  8:29  Probe  
  144  8:30  Probe  
  144  8:32  Stalker x2  
  144  8:33  Stalker x2  
  144  8:34  Stalker  
  156  8:39  Stalker  
  156  8:40  Stalker x2  
  161  8:41  Stalker x2  
  161  8:44  Protoss Ground Weapons Level 1 (Chrono Boost)  
  157  8:49  Probe x4  
  157  8:52  Probe  
  158  9:00  Assimilator  
  158  9:01  Assimilator  
  158  9:06  Immortal  
  158  9:08  Stalker x3  
  158  9:09  Stalker x3  
  174  9:10  Stalker  
  174  9:12  Stalker  
  174  9:14  Stalker  
  174  9:16  Stalker  
  182  9:40  Stalker x3  
  182  9:41  Stalker x4  
  182  9:42  Stalker x2  
  198  10:32  Protoss Ground Weapons Level 2  
  196  10:49  Pylon  
  174  10:57  Robotics Facility  
  174  11:01  Gateway  
  174  11:02  Gateway  
  174  11:03  Gateway  
  148  11:06  Gateway  
  148  11:10  Gateway  
  130  11:13  Gateway  
  124  11:18  Gateway  
  124  11:20  Gateway  
  124  11:22  Stalker x3  
  124  11:23  Stalker x3  
  124  11:24  Stalker x4  
  144  11:26  Gateway  
  144  11:27  Gateway, Immortal  
  136  12:07  Unknown  
  128  12:09  Nexus, Stalker  
  128  12:10  Stalker x3  
  128  12:11  Stalker x3  
  128  12:12  Pylon, Stalker x4  
  128  12:13  Stalker x5  
  128  12:15  Pylon  
  160  12:16  Immortal x2 (Chrono Boost)  
  160  12:17  Stalker  
  160  12:18  Stalker  
  170  12:23  Stalker  
  170  12:24  Stalker  
  158  12:46  Stalker  
  158  12:47  Stalker x4  
  158  12:48  Stalker x3  
  158  12:49  Stalker x4, Immortal (Chrono Boost)  
  158  12:50  Stalker x2, Immortal (Chrono Boost)  
  186  12:53  Stalker x3  
  200  13:40  Protoss Ground Weapons Level 3 (Chrono Boost)  
  164  14:03  Stalker x2  
  164  14:04  Stalker x3  
  164  14:05  Stalker x4  
  164  14:09  Stalker x3  
  184  14:10  Stalker x4  
  184  14:11  Stalker x2  
  184  14:12  Stalker x2  
  198  14:57  Nexus  
  196  15:00  Pylon  
  196  15:02  Pylon  
  196  15:05  Assimilator  
  192  15:07  Immortal  
  192  15:08  Immortal  
  192  15:09  Assimilator  
  192  16:50  Probe  
  192  16:51  Probe x5  
  191  16:54  Stalker  
  191  16:55  Stalker x2  
  191  16:56  Stalker x2  
  199  17:03  Probe  
  199  17:07  Stalker  
  198  17:17  Stargate  
  198  17:18  Stargate  
  198  17:20  Stargate  
  191  17:23  Stargate  
  191  17:25  Stargate, Probe x5  
  191  17:26  Probe  
  191  17:27  Stargate, Stalker x2  
  196  17:39  Stalker x2  
  192  18:14  Nexus  
Show
View Real Time Build Order
Export as new Build Order

MrBM Terran 

Build Orders: Gas First Reaper Expand 

Get SALT Encoding   

  12  0:00  SCV  
  13  0:12  SCV  
  14  0:17  Supply Depot  
  14  0:25  SCV  
  15  0:29  Refinery  
  15  0:38  SCV  
  16  0:45  Barracks  
  16  0:50  SCV  
  17  1:03  SCV  
  18  1:15  SCV  
  19  1:33  Reaper  
  19  1:37  Command Center  
  20  1:44  Orbital Command  
  20  2:10  SCV  
  21  2:22  SCV  
  22  2:28  Marine  
  23  2:49  Marine, SCV  
  25  2:55  Factory  
  25  3:01  SCV  
  25  3:02  Supply Depot  
  26  3:07  Marine  
  27  3:13  SCV  
  27  3:14  SCV  
  29  3:25  SCV  
  29  3:26  SCV  
  31  3:30  Barracks Tech Lab  
  31  3:37  SCV  
  31  3:38  SCV  
  31  3:39  Factory Tech Lab  
  33  3:50  SCV x2  
  33  3:54  Marauder  
  37  3:57  Siege Tank  
  37  4:02  SCV x2  
  42  4:14  SCV, Starport  
  42  4:15  SCV, Marauder  
  46  4:26  Supply Depot  
  46  4:28  SCV x2  
  48  4:36  Marine  
  49  4:41  SCV x2  
  51  4:46  Refinery, Command Center  
  51  4:51  Refinery  
  51  4:53  SCV x2, Barracks, Starport Tech Lab  
  51  4:54  Marine  
  51  4:57  Barracks  
  54  5:00  Barracks  
  54  5:02  Supply Depot  
  54  5:05  SCV x2  
  56  5:12  Marine  
  57  5:16  Siege Tank  
  60  5:21  SCV  
  60  5:22  SCV  
  62  5:29  Marine  
  62  5:34  SCV x2  
  65  5:42  Supply Depot x2  
  65  5:46  SCV  
  65  5:47  Marine  
  65  5:49  Barracks, Siege Tank  
  70  5:57  Supply Depot  
  70  5:58  Liberator  
  70  6:04  Barracks Tech Lab x3  
  73  6:10  SCV x3  
  76  6:22  SCV x3  
  79  6:27  Marauder x3  
  79  6:29  Marauder  
  87  6:38  SCV  
  87  6:39  SCV x2, Engineering Bay  
  90  6:40  Engineering Bay  
  90  6:41  Liberator  
  90  6:44  Supply Depot  
  93  6:50  SCV  
  93  6:51  SCV x2  
  93  6:53  Refinery x2  
  96  7:03  SCV x3  
  96  7:08  Terran Infantry Armor Level 1, Terran Infantry Weapons Level 1  
  99  7:16  Armory  
  99  7:17  Marauder x3  
  99  7:19  Marauder  
  107  7:35  Combat Shield  
  107  7:37  Concussive Shells  
  104  8:03  Thor  
  110  8:06  Marauder  
  112  8:18  Marauder x2  
  112  8:19  Marauder  
  115  8:25  SCV  
  116  8:48  Marauder  
  109  8:58  Marauder x3  
  112  9:09  Marauder  
  114  9:14  Supply Depot x2  
  114  9:15  Supply Depot x3  
  114  9:16  Supply Depot  
  114  9:18  Supply Depot  
  114  9:20  Marauder  
  114  9:21  Terran Infantry Armor Level 2, Terran Infantry Weapons Level 2  
  114  9:23  Command Center  
  116  9:36  Marauder x3  
  116  9:37  Thor, Supply Depot  
  128  9:41  Marauder  
  130  9:57  Marauder x3  
  136  10:02  Marauder  
  138  10:19  Marauder x3  
  144  10:22  Thor  
  144  10:24  Marauder  
  152  10:34  Barracks  
  152  10:35  Barracks  
  152  10:37  Barracks  
  152  10:39  Marine, Barracks x2  
  152  10:40  Marauder x2  
  157  10:44  Marine  
  142  10:57  Marine  
  142  11:01  Marine x2  
  142  11:02  Marine  
  121  11:04  Thor  
  103  11:15  Marine  
  89  11:19  Marine x2  
  89  11:20  Marine  
  72  11:33  Marine  
  72  11:35  Marine x5  
  72  11:37  Marine x2  
  72  11:38  Marine  
  75  11:47  Thor  
  75  11:51  Marine  
  75  11:53  Marine x5  
  81  11:54  Marine x2  
  81  11:56  Marine  
  68  12:06  Planetary Fortress  
  59  12:09  Marine  
  59  12:10  Marine  
  59  12:11  Marine x4  
  59  12:12  Marine x2  
  59  12:14  Marine  
  53  12:26  Marine  
  53  12:28  Marine x2  
  53  12:29  Marine x3  
  53  12:30  Marine x2, Thor  
  53  12:31  Marine  
  52  12:44  Marine  
  52  12:46  Marine x5  
  52  12:48  Marine x2  
  52  12:49  Marine  
  52  12:50  SCV x2  
  63  13:02  Marine, SCV x2  
  63  13:04  Marine x5, Command Center  
  71  13:13  Thor  
  71  13:14  SCV x2, Command Center  
  79  13:20  Marine  
  79  13:21  Marine x3, Command Center  
  79  13:22  Marine  
  79  13:26  SCV  
  79  13:27  SCV  
  86  13:38  SCV  
  86  13:39  SCV, Marauder x4  
  86  13:40  Command Center  
  95  13:43  Stimpack  
  63  13:56  Thor  
  35  14:22  Command Center  
  21  14:36  Marine x6  
  21  14:37  Marine x3  
  23  14:54  Marine x8  
  25  15:12  Marine x5  
  27  15:20  Orbital Command  
  9  16:05  Planetary Fortress  
  3  16:40  Planetary Fortress  
Tags
 
Add a new tag
Caveats
  • Supply blocks, unpowered buildings, or Contaminate may cause inaccurate times.
  • Supply counts are checked every 10 seconds.